 Dungeon Crawl Stone Soup version 0.21.0-3-g78d12a8bdd (webtiles) character file.

362 Peloso the Covered (level 6, -4/53 HPs)
             Began as a Minotaur Fighter on Jan 13, 2018.
             Slain by Grinder (8 damage)
             ... on level 3 of the Dungeon.
             The game lasted 00:03:14 (1851 turns).

Peloso the Covered (Minotaur Fighter)               Turns: 1851, Time: 00:03:15

Health: -4/53      AC:  7    Str: 21    XL:     6   Next: 39%
Magic:  5/5        EV:  8    Int:  0    God:
Gold:   70         SH: 10    Dex: 11    Spells: 5/5 levels left

rFire    . . .     SeeInvis .   a - +0 long sword
rCold    . . .     Gourm    .   c - +0 shield
rNeg     . . .     Faith    .   b - +0 scale mail
rPois    .         Spirit   .   (helmet restricted)
rElec    .         Reflect  .   o - scarf {cloud immunity}
rCorr    .         Harm     .   (no gloves)
MR       .....                  (no boots)
Stlth    ..........             (no amulet)
HPRegen  0.17/turn              e - -5 ring of intelligence (curse)
MPRegen  0.09/turn              (no ring)

@: slowed, lost intelligence, very slow
A: retaliatory headbutt, horns 2
a: no special abilities


You were on level 3 of the Dungeon.
You were hungry.

You visited 1 branch of the dungeon, and saw 3 of its levels.

You collected 70 gold pieces.

Inventory:

Hand Weapons
 a - a +0 long sword (weapon)
Armour
 b - a +0 scale mail (worn)
 c - a +0 shield (worn)
 o - a scarf of cloud immunity (worn)
Jewellery
 e - a cursed -5 ring of intelligence (left hand)
Scrolls
 h - a scroll of immolation {unknown}
 j - 3 scrolls of identify {unknown}
 k - 2 scrolls of amnesia {unknown}
 l - 4 scrolls of remove curse {unknown}
 p - a scroll of fear {unknown}
Potions
 d - a potion of might
 g - a potion of flight {unknown}
 i - a potion of ambrosia {unknown}
 m - a potion of resistance {unknown}
 n - a potion of haste {unknown}
Comestibles
 f - 6 rations
 q - a chunk of flesh


   Skills:
 + Level 4.6 Fighting
 + Level 4.8 Long Blades
 + Level 5.3 Armour
 + Level 1.5 Dodging
 + Level 5.3 Shields


You had 5 spell levels left.
You didn't know any spells.

Dungeon Overview and Level Annotations

Branches:
Dungeon (3/15)

Altars:
Nemelex Xobeh

Annotations:
D:3 Grinder


Innate Abilities, Weirdness & Mutations

You reflexively headbutt those who attack you in melee.
You have a pair of horns on your head.


Message History

Grinder is lightly wounded.
You block Grinder's attack. Grinder gestures at you.
Pain shoots through your body!
* * * LOW HITPOINT WARNING * * *
You slash Grinder!
Grinder is moderately wounded.
Grinder hits you but does no damage. Grinder hits you.
* * * LOW HITPOINT WARNING * * *
You writhe in agony.
* * * LOW HITPOINT WARNING * * *
You hit Grinder but do no damage.
Grinder is moderately wounded.
Grinder closely misses you. You furiously retaliate!
You headbutt Grinder. You block Grinder's attack.
A jackal comes into view.
You closely miss Grinder.
Grinder is moderately wounded.
Grinder hits you!
You die...

###########
..≈h.≈≈≈≈.#
≈≈≈≈..≈≈..#
≈≈≈≈≈≈≈≈†.#
h≈≈≈≈≈≈≈5@##
h≈≈≈≈≈≈≈...#
≈≈♣≈.≈≈≈≈..#
≈≈._♣≈≈≈.≈.#
≈≈≈♣.≈≈≈≈..#
≈≈≈≈≈≈≈≈≈..#
≈≈≈≈≈≈≈≈...#
≈≈≈≈≈≈≈≈..#
≈.≈...≈..#


You could see Grinder and a jackal.

Vanquished Creatures
  Sigmund (D:2)
  A centaur (D:2)
  Terence (D:2)
  A gnoll (D:1)
  3 adders
  An ooze (D:2)
  4 worms
  A dart slug (D:1)
  A leopard gecko (D:1)
  An orc (D:3)
  3 giant cockroaches
  4 goblins
  2 hobgoblins
  2 jackals (D:3)
  3 kobolds
  A ball python (D:2)
  4 bats
  3 frilled lizards
  6 rats
43 creatures vanquished.

Notes
Turn   | Place    | Note
-------+----------+-------------------------------------------
     0 | D:1      | Peloso the Minotaur Fighter began the quest for the Orb.
     0 | D:1      | Reached XP level 1. HP: 19/19 MP: 0/0
    32 | D:1      | Reached XP level 2. HP: 4/27 MP: 1/1
   943 | D:2      | Reached XP level 3. HP: 33/33 MP: 2/2
   946 | D:2      | Found a sparkling altar of Nemelex Xobeh.
  1032 | D:2      | Noticed Sigmund
  1048 | D:2      | Killed Sigmund
  1048 | D:2      | Reached skill level 1 in Dodging
  1048 | D:2      | Reached XP level 4. HP: 24/41 MP: 3/3
  1048 | D:2      | Reached XP level 5. HP: 28/47 MP: 4/4
  1049 | D:2      | Reached skill level 5 in Armour
  1112 | D:2      | Noticed Terence
  1114 | D:2      | Reached skill level 5 in Shields
  1128 | D:2      | Killed Terence
  1446 | D:2      | Noticed a centaur
  1453 | D:2      | Killed a centaur
  1453 | D:2      | Reached XP level 6. HP: 52/53 MP: 5/5
  1537 | D:2      | Lost intelligence.
  1814 | D:3      | Found a faded altar of an unknown god.
  1843 | D:3      | Noticed Grinder
  1851 | D:3      | Slain by Grinder

Skill      XL: |  1  2  3  4  5 |
---------------+----------------+-----
Shields        | 4 5 |  5.3
Armour         | 4 5 |  5.3
Fighting       | 4 |  4.6
Long Blades    | 4 |  4.8
Dodging        | 1 |  1.5

Action                   |  1- 3 |  4- 6 || total
-------------------------+-------+-------++-------
Melee: Long sword        |    37 |    69 ||   106
       Headbutt          |     7 |     8 ||    15
  Use: Potion            |     1 |       ||     1
  Eat: Chunk             |       |     3 ||     3
Armor: Scale mail        |    14 |    29 ||    43
Dodge: Dodged            |     9 |    27 ||    36
Block: Shield            |    24 |    58 ||    82
       Rpst.: Long sword |     3 |    11 ||    14
